 Dungeon Crawl Stone Soup version 0.21.1-1-g345015f (webtiles) character file.

156 Iko the Stinger (level 5, 0/28 HPs)
             Began as a Tengu Venom Mage on May 21, 2018.
             Was an Initiate of Okawaru.
             Engulfed by a steam dragon's steam (5 damage)
             ... on level 6 of the Dungeon.
             The game lasted 00:11:21 (598 turns).

Iko the Stinger (Tengu Venom Mage)                   Turns: 598, Time: 00:11:22

Health: 0/28       AC:  4    Str:  9    XL:     5   Next: 38%
Magic:  0/9        EV: 18    Int: 16    God:    Okawaru [......]
Gold:   108        SH:  0    Dex: 19    Spells: 2/9 levels left

rFire    . . .     SeeInvis .   e - +1 dagger (distort)
rCold    . . .     Gourm    .   (no shield)
rNeg     . . .     Faith    .   f - +1 leather armour
rPois    .         Spirit   .   (helmet restricted)
rElec    .         Reflect  .   (no cloak)
rCorr    .         Harm     .   (no gloves)
MR       .....                  (boots unavailable)
Stlth    +++.......             (no amulet)
HPRegen  0.09/turn              (no ring)
MPRegen  0.11/turn              (no ring)

@: agile, very slightly contaminated
A: beak, talons 3, able to fly 1
a: Fly, Renounce Religion


You were on level 6 of the Dungeon.
You worshipped Okawaru.
Okawaru was noncommittal.
You were not hungry.

You visited 1 branch of the dungeon, and saw 6 of its levels.

You collected 108 gold pieces.

Inventory:

Hand Weapons
 e - a +1 dagger of distortion (weapon)
Missiles
 a - 2 throwing nets (quivered)
Armour
 f - a +1 leather armour (worn)
Scrolls
 j - a scroll of identify
Potions
 d - 2 potions of flight
Books
 b - a Young Poisoner's Handbook

   Spells                             Type                      Level
   a - Sting                          Conjuration/Poison           1
   b - Poisonous Vapours              Poison/Air                   2
   c - Mephitic Cloud                 Conjuration/Poison/Air       3
   d - Olgreb's Toxic Radiance        Poison                       4
   e - Venom Bolt                     Conjuration/Poison           5
Comestibles
 c - a ration


   Skills:
 + Level 0.6 Fighting
 + Level 1.4 Short Blades
 + Level 2.7 Dodging
 + Level 2.5 Stealth
 + Level 1.0 Unarmed Combat
 + Level 2.6 Spellcasting
 + Level 3.0 Conjurations
 + Level 3.9 Poison Magic


You had 2 spell levels left.
You knew the following spells:

 Your Spells              Type           Power        Failure   Level  Hunger
a - Sting                 Conj/Pois      ##..         7%          1    #......
b - Poisonous Vapours     Pois/Air       #.....       19%         2    ##.....
c - Olgreb's Toxic Radia  Pois           ##......     47%         4    #####..


Dungeon Overview and Level Annotations

Branches:
Dungeon (6/15)
 Temple: D:4-7

Altars:
Okawaru


Innate Abilities, Weirdness & Mutations

You have a beak for a mouth.
You have claws for feet.
You can fly.


Message History

The orc wizard points at you and mumbles some strange words.
The puff of flame misses you.
A steam dragon comes into view.
You see here a trident.
The steam dragon hisses angrily.
Casting: Sting
Confirm with . or Enter, or press ? or * to list all spells.
Aiming: Sting
Press: ? - help, Shift-Dir - straight line, f/p - orc wizard
Aim: an orc wizard, wielding a dagger and wearing a robe You miscast Sting.
You are very lightly contaminated with residual magic.
Nothing appears to happen.
The steam dragon breathes steam at you. The ball of steam hits you!
Ouch! That really hurt!
* * * LOW HITPOINT WARNING * * *
You feel agile all of a sudden.
You are engulfed in a cloud of scalding steam.
You die...

#.# ####.## #..D..#
#.....## #......#
#§§...# ##§§...##
#######§.)....#
.......@o#.#..##.
.........#.....oo
.........#.#..##.<.
#####.#.......# ..
.####.........# #
##.#....)......#
##..#.#.._)..##.#
#.#.#.#.#...)..##.#
#....)[...........#


You could see an orc.

Vanquished Creatures
  A crimson imp (D:6)
  An orc wizard (D:6)
  An orc priest (D:6)
  3 gnolls (D:6)
  A leopard gecko (D:3)
  An orc (D:6)
  4 bats
  A giant cockroach (D:2)
  5 hobgoblins (D:1)
  2 jackals (D:1)
  3 kobolds (D:1)
  A quokka (D:4)
  A ball python (D:2)
  A frilled lizard (D:5)
  4 goblins (D:1)
  3 rats (D:1)
33 creatures vanquished.

Notes
Turn   | Place    | Note
-------+----------+-------------------------------------------
     0 | D:1      | Iko the Tengu Venom Mage began the quest for the Orb.
     0 | D:1      | Reached XP level 1. HP: 10/10 MP: 4/4
    92 | D:1      | Reached XP level 2. HP: 15/15 MP: 1/6
   228 | D:2      | Reached XP level 3. HP: 16/19 MP: 0/7
   417 | D:5      | Entered Level 5 of the Dungeon
   481 | D:6      | Found an iron altar of Okawaru.
   513 | D:6      | Reached XP level 4. HP: 23/24 MP: 0/8
   517 | D:6      | Reached skill level 1 in Short Blades
   517 | D:6      | Reached skill level 1 in Unarmed Combat
   541 | D:6      | Became a worshipper of Warmaster Okawaru
   545 | D:6      | Learned a level 2 spell: Poisonous Vapours
   551 | D:6      | Gained mutation: You can fly. [Tengu growth]
   551 | D:6      | Reached XP level 5. HP: 28/28 MP: 2/9
   559 | D:6      | Learned a level 4 spell: Olgreb's Toxic Radiance
   595 | D:6      | Noticed a steam dragon
   598 | D:6      | Engulfed by a steam dragon's steam

Skill      XL: |  1  2  3  4  5 |
---------------+----------------+-----
Conjurations   | 2 3 |  3.0
Short Blades   | 1 |  1.4
Unarmed Combat | 1 |  1.0
Fighting       | |  0.6
Dodging        | |  2.7
Stealth        | |  2.5
Spellcasting   | |  2.6
Poison Magic   | |  3.9

Action                   |  1- 3 |  4- 6 || total
-------------------------+-------+-------++-------
Melee: Unarmed           |    16 |       ||    16
       Club              |     4 |       ||     4
       Peck              |     3 |       ||     3
       Kick              |     6 |     1 ||     7
       Dagger            |    25 |    11 ||    36
 Cast: Sting             |    38 |     6 ||    44
       Poisonous Vapours |       |     1 ||     1
  Use: Scroll            |     9 |     1 ||    10
       Potion            |     1 |     2 ||     3
 Stab: Distracted        |     1 |       ||     1
Armor: Robe              |     6 |       ||     6
       Leather armour    |       |     2 ||     2
Dodge: Dodged            |    25 |     7 ||    32
